 Dungeon Crawl Stone Soup version 0.29-a0-468-ge57f7f99b4 (webtiles) character file.

Game seed: 5417624814286385160

9094 xian the Destroyer (level 11, -1/85 HPs)
             Began as a Pale Draconian Conjurer on May 21, 2022.
             Was a Priest of Sif Muna.
             Slain by a two-headed ogre
             ... wielding a +0 giant club
              (7 damage)
             ... on level 1 of the Orcish Mines.
             The game lasted 00:45:02 (10410 turns).

xian the Destroyer (Pale Draconian Conjurer)       Turns: 10410, Time: 00:45:03

Health: -1/85      AC: 11    Str:  9    XL:     11   Next: 18%
Magic:  19/24      EV: 13    Int: 24    God:    Sif Muna [***...]
Gold:   577        SH:  0    Dex:  9    Spells: 22/29 levels left

rFire   . . .      SeeInvis .   s - +1 short sword (speed)
rCold   . . .      Faith    .   (no shield)
rNeg    . . .      Spirit   .   (body armour unavailable)
rPois   .          Reflect  .   (helmet restricted)
rElec   .          Harm     .   j - +0 cloak
rCorr   .          Rampage  .   (no gloves)
Will    +....                   e - +2 pair of boots
Stlth   +++.......              w - amulet of regeneration
HPRegen 1.04/turn               m - ring of willpower
MPRegen 0.19/turn               t - ring of wizardry

@: short of breath
A: breathe steam, AC +7, unfitting armour, cold-blooded, steam resistance
a: Breathe Steam, Renounce Religion, Channel Magic, Forget Spell


You were on level 1 of the Orcish Mines.
You worshipped Sif Muna.
Sif Muna was most pleased with you.
You visited 3 branches of the dungeon, and saw 13 of its levels.

You collected 577 gold pieces.

Inventory:

Hand Weapons
 s - a +1 short sword of speed (weapon)
Missiles
 x - a throwing net
 z - 6 atropa-tipped darts
 L - 3 datura-tipped darts
Armour
 e - a +2 pair of boots (worn)
 j - a +0 cloak (worn)
Magical Staves
 d - a staff of earth
Jewellery
 m - a ring of willpower (left hand)
 r - a ring of ice
 t - a ring of wizardry (right hand)
 w - an amulet of regeneration (around neck)
 B - a ring of flight
 H - a ring of protection from fire
Wands
 q - a wand of paralysis (12)
 y - a wand of charming (8)
 M - a wand of mindburst (6)
Scrolls
 c - 4 scrolls of enchant weapon
 f - a scroll of amnesia {unknown}
 h - 2 scrolls of noise
 n - 2 scrolls of teleportation
 o - a scroll of magic mapping {unknown}
 v - a scroll of immolation {unknown}
 A - 2 scrolls of poison {unknown}
 F - 2 scrolls of fog {unknown}
 I - 2 scrolls of acquirement {unknown}
Potions
 a - a potion of magic
 b - 3 potions of mutation
 g - 5 potions of curing
 i - 5 potions of lignification
 k - 4 potions of degeneration
 p - 2 potions of ambrosia
 u - 2 potions of heal wounds
 C - a potion of haste
 D - a potion of might {unknown}
 E - a potion of attraction
 G - a potion of experience {unknown}
 K - a potion of cancellation {unknown}
Miscellaneous
 J - a piece from Xom's chessboard (15/15)


   Skills:
 + Level 4.5 Fighting
 + Level 3.8 Short Blades
 + Level 7.0 Dodging
 + Level 5.1 Stealth
 + Level 9.6 Spellcasting
 + Level 10.4 Conjurations
 + Level 0.2 Translocations


You had 22 spell levels left.
You knew the following spells:

 Your Spells              Type           Power      Damage    Failure   Level
a - Magic Dart            Conj           100%       1d8       1%          1
b - Searing Ray           Conj           100%       2d8       1%          2
c - Iskenderun's Mystic   Conj/Tloc      37%        2d9       2%          4

Your spell library contained the following spells:

 Spells                   Type           Power      Damage    Failure   Level
 Dazzling Flash           Conj/Hex       72%        N/A       1%          3
 Stone Arrow              Conj/Erth      72%        3d11      1%          3
 Sandblast                Erth           22%        2d7       2%          1
 Summon Small Mammal      Summ           44%        N/A       2%          1
 Fulminant Prism          Conj/Hex       18%        3d11      2%          4
 Passwall                 Tmut/Erth      9%         N/A       3%          2
 Call Canine Familiar     Summ           11%        N/A       7%          3
 Frozen Ramparts          Ice            22%        1d4       7%          3
 Summon Guardian Golem    Hex/Summ       11%        N/A       7%          3
 Ice Form                 Ice/Tmut       11%        N/A       22%         4
 Summon Ice Beast         Ice/Summ       11%        N/A       22%         4


Dungeon Overview and Level Annotations

Branches:
Dungeon (10/15)            Temple (1/1) D:4             Orc (2/2) D:9
   Lair: D:8-11         Elf: Orc:2

Altars:
Cheibriados
Dithmenos
Elyvilon
Fedhas
Gozag
Hepliaklqana
Kikubaaqudgha
Makhleb
Okawaru
Qazlal
Ru
Sif Muna
Uskayaw
Vehumet
Wu Jian
Xom
Zin

Shops:
D:6 !

Annotations:
D:2 Robin


Innate Abilities, Weirdness & Mutations

You can breathe blasts of scalding, opaque steam.
Your pale cyan-grey scales are hard. (AC +7)
You cannot fit into any form of body armour.
You are cold-blooded and may be slowed by cold attacks.
You are immune to the effects of steam.


Message History

Casting: Searing Ray (safe; 1% risk of failure)
Confirm with . or Enter, or press ? or * to list all spells.
Okay, then.
Aiming: Breathe Steam (1% risk of failure)
Press: ? - help, Shift-Dir - straight line You exhale a blast of scalding steam.
The ball of steam hits the ogre!
The ogre is moderately wounded.
The ball of steam hits the two-headed ogre!
The two-headed ogre is lightly wounded.
The ball of steam hits something!
The two-headed ogre is engulfed in a cloud of scalding steam.
Casting: Searing Ray (safe; 1% risk of failure)
Confirm with . or Enter, or press ? or * to list all spells.
Aiming: Searing Ray (safe; 1% risk of failure)
Press: ? - help, Shift-Dir - straight line, f - two-headed ogre
Aim: a two-headed ogre, wielding two +0 giant clubs (steam, moderately wounded, 92% to hit)
The searing ray hits the two-headed ogre!
The two-headed ogre is moderately wounded.
Sif Muna accepts your kill.
You feel a bit more experienced. (Press . to maintain the ray.)
The ogre is engulfed in a cloud of scalding steam.
The searing ray hits the two-headed ogre.
The two-headed ogre is moderately wounded.
The two-headed ogre is engulfed in a cloud of scalding steam.
The searing ray hits the two-headed ogre.
The two-headed ogre is severely wounded.
The two-headed ogre is engulfed in a cloud of scalding steam.
The two-headed ogre misses you.
The two-headed ogre hits you with a +0 giant club!
The ogre hits you with a +0 giant club!!
* * * LOW HITPOINT WARNING * * *
The searing ray hits the two-headed ogre!
The two-headed ogre is severely wounded.
You finish channelling your searing ray.
The ogre misses you.
The two-headed ogre hits you with a +0 giant club!
* * * LOW HITPOINT WARNING * * *
The two-headed ogre hits you with a +0 giant club!
You die...

####....#.....# ##..
##.###........## #...
#....#.......## ###.#
#.............###..#.
##.............#.....
#....#......#.....)..
##...##§..§.[.....)).
##...O.§.§....)......
#...@O)))..[.........
##..§)[)...#.........
##........#.........#
#..............#.#...
##.#...........####.#
#...##.....#....# ###
##.####.#.###..## ###
##### ####


You could see a two-headed ogre and an ogre.

Vanquished Creatures
  3 two-headed ogres
  An orc sorcerer (Orc:1)
  A gargoyle (D:10)
  Maggie (D:9)
  A troll (Orc:1)
  Grinder (D:3)
  A hornet (D:9)
  A wyvern (D:9)
  12 yaks (D:9)
  A water moccasin (D:9)
  8 orc warriors
  A sky beast (D:6)
  5 centaurs
  2 ogres (Orc:1)
  A phantom (D:5)
  2 kobold brigands
  A necrophage (D:4)
  4 bullfrogs
  A scorpion (D:4)
  5 wights
  3 howler monkeys (D:9)
  3 jellies
  9 hounds
  3 gnoll shamans
  8 orc priests
  4 iguanas
  Ijyb (D:3)
  12 orc wizards
  17 gnolls
  8 adders
  A white imp (D:7)
  2 ufetubi
  2 worms (D:3)
  2 dart slugs
  24 orcs
  10 ball pythons
  6 bats
  5 endoplasms
  4 giant cockroaches
  9 goblins
  5 hobgoblins
  11 jackals
  4 quokkas
  3 frilled lizards
  13 kobolds
  4 rats
226 creatures vanquished.

Notes
Turn   | Place    | Note
-------+----------+-------------------------------------------
     0 | D:1      | xian the Draconian Conjurer began the quest for the Orb.
     0 | D:1      | Reached XP level 1. HP: 14/14 MP: 3/3
   250 | D:1      | Reached XP level 2. HP: 15/20 MP: 1/5
   803 | D:1      | Reached XP level 3. HP: 26/26 MP: 3/6
  1503 | D:2      | Found a glowing silver altar of Zin.
  1507 | D:2      | Found a faded altar of an unknown god.
  2021 | D:2      | Noticed Robin
  2078 | D:2      | Reached skill level 5 in Conjurations
  2171 | D:2      | Reached XP level 4. HP: 33/33 MP: 3/7
  2811 | D:3      | Noticed Ijyb
  2817 | D:3      | Learned a level 2 spell: Searing Ray
  2820 | D:3      | Paralysed by Ijyb for 2 turns
  2827 | D:3      | Paralysed by Ijyb for 5 turns
  2843 | D:3      | Killed Ijyb
  3118 | D:3      | Noticed Grinder
  3132 | D:3      | Paralysed by Grinder for 4 turns
  3142 | D:3      | Paralysed by Grinder for 5 turns
  3148 | D:3      | Killed Grinder
  3149 | D:3      | Reached skill level 1 in Short Blades
  3149 | D:3      | Reached XP level 5. HP: 13/39 MP: 1/10
  3149 | D:3      | Reached XP level 6. HP: 15/46 MP: 1/11
  3515 | D:3      | Reached skill level 1 in Fighting
  3735 | D:4      | Learned a level 4 spell: Iskenderun's Mystic Blast
  4020 | D:4      | Found a staircase to the Ecumenical Temple.
  4044 | Temple   | Entered the Ecumenical Temple
  4887 | D:5      | Entered Level 5 of the Dungeon
  4899 | D:5      | Your scales start taking on a pale cyan-grey colour.
  4899 | D:5      | Reached XP level 7. HP: 52/52 MP: 9/12
  4899 | D:5      | Gained mutation: You are immune to the effects of steam.
                  | [Pale Draconian growth]
  4927 | D:5      | Reached skill level 6 in Conjurations
  5851 | D:6      | Found an ancient bone altar of Kikubaaqudgha.
  5854 | D:6      | Found a glowing silver altar of Zin.
  5861 | D:6      | Reached XP level 8. HP: 49/59 MP: 10/15
  5924 | D:6      | Found a shimmering blue altar of Sif Muna.
  5938 | D:6      | Found a burning altar of Makhleb.
  5944 | D:6      | Became a worshipper of Sif Muna the Loreminder
  5994 | D:6      | Reached skill level 5 in Spellcasting
  6021 | D:6      | Reached skill level 7 in Conjurations
  6282 | D:6      | Found a stormy altar of Qazlal.
  6323 | D:6      | Found Pixzogeg's Distillery.
  6456 | D:6      | Found a hide-covered altar of Uskayaw.
  6674 | D:7      | Reached * piety under Sif Muna
  6961 | D:7      | Found an ornate altar of the Wu Jian Council.
  7299 | D:7      | Found a shadowy altar of Dithmenos.
  7300 | D:7      | Found a hazy altar of Hepliaklqana.
  7383 | D:8      | Found a shimmering altar of Xom.
  7465 | D:8      | Reached skill level 8 in Conjurations
  7465 | D:8      | Reached XP level 9. HP: 28/67 MP: 4/18
  7656 | D:8      | Noticed a two-headed ogre
  7667 | D:8      | Killed a two-headed ogre
  7937 | D:8      | Noticed a two-headed ogre
  7953 | D:8      | Killed a two-headed ogre
  7954 | D:8      | Reached skill level 5 in Dodging
  8266 | D:8      | Reached skill level 9 in Conjurations
  8549 | D:9      | Noticed Maggie
  8564 | D:9      | Killed Maggie
  8564 | D:9      | Reached ** piety under Sif Muna
  8565 | D:9      | Reached XP level 10. HP: 77/77 MP: 11/21
  8853 | D:9      | Found a staircase to the Orcish Mines.
  8865 | Orc:1    | Entered Level 1 of the Orcish Mines
  8865 | Orc:1    | Noticed an orc sorcerer
  8869 | Orc:1    | Killed an orc sorcerer
  8998 | D:9      | Reached skill level 10 in Conjurations
  9350 | D:9      | Reached skill level 5 in Stealth
  9673 | D:10     | Entered Level 10 of the Dungeon
  9673 | D:10     | Noticed a gargoyle
  9689 | D:10     | Killed a gargoyle
  9877 | D:9      | Reached *** piety under Sif Muna
  9946 | Orc:1    | Reached XP level 11. HP: 40/85 MP: 16/24
 10201 | Orc:2    | Entered Level 2 of the Orcish Mines
 10201 | Orc:2    | Noticed an orc sorcerer
 10206 | Orc:2    | Noticed a two-headed ogre
 10206 | Orc:2    | Noticed a two-headed ogre
 10207 | Orc:2    | Noticed a two-headed ogre
 10305 | Orc:1    | Killed a two-headed ogre
 10400 | Orc:2    | Noticed a two-headed ogre
 10410 | Orc:1    | Slain by a two-headed ogre

Illustrated notes

Levels and vault maps discovered:
D:1:      sevenhm_arrival_forest_fort_small_5, layout_loops_ring
D:2:      layout_basic, dreamdust_ecumenical_altar_statues, basic_altar,
          uniq_robin
D:3:      layout_basic, nicolae_overflow_hidden_temple, uniq_ijyb, uniq_grinder
D:4:      layout_gridville, minmay_temple_entry_drinking_statues
D:5:      minmay_skewed_foursquare, layout_basic
D:6:      layout_loops_ring, nicolae_uskayaw_murder_on_the_dancefloor,
          nicolae_qazlal_scattered_showers, grunt_temple_overflow_cloverleaf,
          serial_shops, nicolae_shop_competitors_out_of_business
D:7:      layout_rooms, riverfiend_overflow_shadow_ancestor,
          nzn_wu_jian_council_hall
D:8:      layout_basic, xom_butterflies, grunt_tough_drop
D:9:      layout_loops_ring, orc_0_dummy, minmay_diced_spiral, uniq_maggie
D:10:     layout_roguey, dk_vineyard_1
Temple:   minmay_temple_curvy_loop
Orc:1:    layout_caves, uniq_nergalle
Orc:2:    st_orc_ogre_mass, layout_caves, serial_shops,
          nicolae_shop_temple_entry_statues_fountains, uniq_erolcha

Skill      XL: |  1  2  3  4  5  6  7  8  9 10 11 |
---------------+----------------------------------+-----
Dodging        | 2 3 4 5 6 7 |  7.0
Conjurations   | 5 6 8 9 10 | 10.4
Stealth        | 2 3 4 5 |  5.1
Short Blades   | 1 2 3 |  3.8
Spellcasting   | 3 4 6 7 9 |  9.6
Fighting       | 1 3 4 |  4.5
Translocations | |  0.2

Action                   |  1- 3 |  4- 6 |  7- 9 | 10-12 || total
-------------------------+-------+-------+-------+-------++-------
Melee: Short sword       |    17 |       |    29 |    23 ||    69
       Tailslap          |     8 |     1 |     2 |     5 ||    16
       Rapier            |    25 |    15 |       |       ||    40
       Punch             |       |       |     1 |     1 ||     2
 Cast: Magic Dart        |    80 |    70 |    72 |    13 ||   235
       Searing Ray       |       |    11 |    27 |    33 ||    71
       Iskenderun's Myst |       |       |     1 |     5 ||     6
 Abil: Breathe Steam     |       |       |    32 |    26 ||    58
  Use: Scroll            |       |       |    11 |     3 ||    14
       Potion            |       |       |       |     2 ||     2
Armor: Skin              |    28 |     9 |    33 |    21 ||    91
Dodge: Dodged            |    60 |    14 |    70 |    74 ||   218

Table legend: (Time is in decaauts)
 A = Elapsed time spent in this place.
 B = Non-inter-level travel time spent in this place.
 C = Inter-level travel time spent in this place.
 D = Time resting spent in this place.
 E = Time spent auto-exploring this place.
 F = Levels seen in this place.
 G = Mean time per level.
                   A        B        C        D        E       F      G
               +--------+--------+--------+--------+--------+-----+--------+
         Total |  10418 |  10187 |    231 |    471 |   7668 |  13 |  801.4 |
       Dungeon |   9744 |   9513 |    231 |    403 |   7375 |  10 |  974.4 |
        Temple |    170 |    170 |      0 |      0 |    107 |   1 |  170.0 |
  Orcish Mines |    503 |    503 |      0 |     68 |    186 |   2 |  251.5 |
               +--------+--------+--------+--------+--------+-----+--------+

Top non-repeatable levels by time:
     D:3: 1462 daAuts
     D:1: 1295 daAuts
     D:9: 1276 daAuts
     D:8: 1179 daAuts
     D:4: 986 daAuts
     D:2: 985 daAuts
     D:5: 899 daAuts
     D:6: 869 daAuts
     D:7: 708 daAuts
   Orc:1: 485 daAuts
  Temple: 170 daAuts
    D:10: 79 daAuts
   Orc:2: 17 daAuts
